Workbook

Sheet Resumen
A1: Riesgos de corrupción del IDPAC
A2: Seguimiento de segunda línea con base en la exportación SIGPARTICIPO
A4: Indicador | B4: Resultado | D4: Categoría | E4: Riesgos | G4: Procesos con más Riesgos | H4: Riesgos
A5: Riesgos incluidos | B5: =COUNTA('Seguimiento OAP'!A2:A24) -> 23 | D5: Corrupción | E5: 23 | G5: IVC | H5: 4
A6: Monitoreo reportado a tiempo | B6: =COUNTIF('Seguimiento OAP'!I2:I24,"A tiempo") -> 14 | D6: Gestión (referencia total) | E6: 28 | G6: Comunicaciones y TIC | H6: 2
A7: Monitoreo reportado tardío | B7: =COUNTIF('Seguimiento OAP'!I2:I24,"Tardío") -> 6 | G7: Gestión Contractual | H7: 2
A8: Sin monitoreo en el ciclo por parte de 1 línea | B8: =COUNTIF('Seguimiento OAP'!I2:I24,"Sin monitoreo en el ciclo") -> 3 | G8: Producción de Información | H8: 2
A11: Proceso | B11: Riesgos de corrupción | C11: Sin monitoreo 1era Línea
A12: Inspección, Vigilancia y Control | B12: =COUNTIF('Seguimiento OAP'!$C$2:$C$24,A12) -> 4 | C12: =COUNTIFS('Seguimiento OAP'!$C$2:$C$24,A12,'Seguimiento OAP'!$I$2:$I$24,"Sin monitoreo en el ciclo") -> 2
A13: Comunicación Estratégica y Nuevas Tecnologías | B13: =COUNTIF('Seguimiento OAP'!$C$2:$C$24,A13) -> 2 | C13: =COUNTIFS('Seguimiento OAP'!$C$2:$C$24,A13,'Seguimiento OAP'!$I$2:$I$24,"Sin monitoreo en el ciclo") -> 0
A14: Gestión Contractual | B14: =COUNTIF('Seguimiento OAP'!$C$2:$C$24,A14) -> 2 | C14: =COUNTIFS('Seguimiento OAP'!$C$2:$C$24,A14,'Seguimiento OAP'!$I$2:$I$24,"Sin monitoreo en el ciclo") -> 0
A15: Producción de Información para la Participación | B15: =COUNTIF('Seguimiento OAP'!$C$2:$C$24,A15) -> 2 | C15: =COUNTIFS('Seguimiento OAP'!$C$2:$C$24,A15,'Seguimiento OAP'!$I$2:$I$24,"Sin monitoreo en el ciclo") -> 1
A16: Aprende para la Mejora | B16: =COUNTIF('Seguimiento OAP'!$C$2:$C$24,A16) -> 1 | C16: =COUNTIFS('Seguimiento OAP'!$C$2:$C$24,A16,'Seguimiento OAP'!$I$2:$I$24,"Sin monitoreo en el ciclo") -> 0
A17: Control Disciplinario Interno | B17: =COUNTIF('Seguimiento OAP'!$C$2:$C$24,A17) -> 1 | C17: =COUNTIFS('Seguimiento OAP'!$C$2:$C$24,A17,'Seguimiento OAP'!$I$2:$I$24,"Sin monitoreo en el ciclo") -> 0
A18: Direccionamiento Estratégico | B18: =COUNTIF('Seguimiento OAP'!$C$2:$C$24,A18) -> 1 | C18: =COUNTIFS('Seguimiento OAP'!$C$2:$C$24,A18,'Seguimiento OAP'!$I$2:$I$24,"Sin monitoreo en el ciclo") -> 0
A19: Formación en Capacidades Democráticas para la Participación | B19: =COUNTIF('Seguimiento OAP'!$C$2:$C$24,A19) -> 1 | C19: =COUNTIFS('Seguimiento OAP'!$C$2:$C$24,A19,'Seguimiento OAP'!$I$2:$I$24,"Sin monitoreo en el ciclo") -> 0
A20: Fortalecimiento de Organizaciones Sociales, Medios Comunitarios, Comunales e Instancias de Participación | B20: =COUNTIF('Seguimiento OAP'!$C$2:$C$24,A20) -> 1 | C20: =COUNTIFS('Seguimiento OAP'!$C$2:$C$24,A20,'Seguimiento OAP'!$I$2:$I$24,"Sin monitoreo en el ciclo") -> 0
A21: Gestión de Bienes, Servicios e Infraestructura | B21: =COUNTIF('Seguimiento OAP'!$C$2:$C$24,A21) -> 1 | C21: =COUNTIFS('Seguimiento OAP'!$C$2:$C$24,A21,'Seguimiento OAP'!$I$2:$I$24,"Sin monitoreo en el ciclo") -> 0
A22: Gestión de la Participación Electoral Ciudadana | B22: =COUNTIF('Seguimiento OAP'!$C$2:$C$24,A22) -> 1 | C22: =COUNTIFS('Seguimiento OAP'!$C$2:$C$24,A22,'Seguimiento OAP'!$I$2:$I$24,"Sin monitoreo en el ciclo") -> 0
A23: Gestión del Talento Humano | B23: =COUNTIF('Seguimiento OAP'!$C$2:$C$24,A23) -> 1 | C23: =COUNTIFS('Seguimiento OAP'!$C$2:$C$24,A23,'Seguimiento OAP'!$I$2:$I$24,"Sin monitoreo en el ciclo") -> 0
... A28: Servicio a la ciudadanía | B28: =COUNTIF('Seguimiento OAP'!$C$2:$C$24,A28) -> 1 | C28: =COUNTIFS('Seguimiento OAP'!$C$2:$C$24,A28,'Seguimiento OAP'!$I$2:$I$24,"Sin monitoreo en el ciclo") -> 0

Sheet Seguimiento OAP
A1: ID | B1: Categoría del riesgo | C1: Proceso | D1: Áreas organizativas | E1: Riesgo reportado en SIGPARTICIPO | F1: Estado del riesgo | G1: Responsable | H1: Activo | I1: Cumplimiento del último monitoreo | J1: Evento en último monitoreo | K1: Seguimiento OAP (segunda línea)
A2: 1 | B2: Corrupción | C2: Inspección, Vigilancia y Control | D2: Subdirección de Asuntos Comunales | E2: Posibilidad de afectación reputacional por perdida de la confianza ciudadana, debido a decisiones ajustadas a intereses propios o de terceros en el trámite de Inscripción de dignatarios de las organizaciones comunales de primero y segundo grado | F2: Nuevo | G2: John Jairo Gonzalez Arboleda | H2: Si | I2: Sin monitoreo en el ciclo | J2: No | K2: Revisión OAP. Identificación: La formulación señala decisiones guiadas por intereses propios o de terceros, pero está expresada principalmente como pérdida reputacional. Precisar en qué etapa de inscripción podría desviarse la decisión, qué criterio o requisito sería omitido y cómo se afectaría la legalidad y la imparcialidad del trámite. Valoración: sustentar la probabilidad con datos del proceso y la materialidad/impacto, y documentar la valoración inherente y residual y su vínculo con el objetivo. Control: SIGPARTICIPO: Concentrar la verificación en requisitos de inscripción, criterios aplicables, declaración y tratamiento de conflictos de interés, y revisión independiente de la decisión. La primera línea debe dejar registrados los seis atributos de la Guía V7: responsable del control, propósito, descripción de qué y cómo, periodicidad, procedimiento ante desviaciones y evidencia de ejecución. Se debe validar los expedientes completos, lista de verificación diligenciada, concepto de revisión y acto motivado con trazabilidad de responsables.
A3: 2 | B3: Corrupción | C3: Inspección, Vigilancia y Control | D3: Subdirección de Asuntos Comunales | E3: Posibilidad de omitir o avalar sin el cumplimiento de requisitos mínimos el trámite constitución de más de una Junta de Acción Comunal en un mismo Territorio, debido a intereses propios o de terceros. | F3: Nuevo | G3: John Jairo Gonzalez Arboleda | H3: Si | I3: Sin monitoreo en el ciclo | J3: No | K3: Revisión OAP. Identificación: La mención a intereses propios o de terceros sustenta la tipología de corrupción y debe conservarse en la redacción. Delimitar la conducta (omitir o avalar requisitos), la etapa de constitución y las fallas que permitirían registrar dos JAC en el mismo territorio; vincularla con legalidad e igualdad de trato. Valoración: sustentar la probabilidad con datos del proceso y la materialidad/impacto, y documentar la valoración inherente y residual y su vínculo con el objetivo. Control: SIGPARTICIPO: Verificar antecedentes territoriales y requisitos con fuentes oficiales, aplicar una lista de chequeo y someter los casos excepcionales a revisión independiente. La primera línea debe dejar registrados los seis atributos de la Guía V7: responsable del control, propósito, descripción de qué y cómo, periodicidad, procedimiento ante desviaciones y evidencia de ejecución. Se debe sustentar la consulta territorial, documentos de constitución, lista de requisitos, revisión del supervisor y decisión motivada.
A4: 5 | B4: Corrupción | C4: Producción de Información para la Participación | D4: Subdirección de Fortalecimiento de la Organización Social | E4: Posibilidad de manipular la información de las bases de datos obtenidas de la plataforma de la participación alterando los resultados para beneficio propio o de un tercero | F4: Valorado | G4: Martha Elmy Niño Vargas | H4: Si | I4: Sin monitoreo en el ciclo | J4: No | K4: Revisión OAP. Identificación: El evento de manipular datos para beneficio propio o de un tercero es explícito. Precisar qué bases, campos o resultados podrían alterarse y qué accesos, cambios o validaciones permitirían hacerlo; relacionarlo con la confiabilidad de la información para la participación. Valoración: sustentar la probabilidad con datos del proceso y la materialidad/impacto, y documentar la valoración inherente y residual y su vínculo con el objetivo. Control: SIGPARTICIPO: Limitar perfiles de modificación, autorizar cambios, conservar bitácoras y contrastar los datos modificados con la fuente autorizada mediante revisión independiente. La primera línea debe dejar registrados los seis atributos de la Guía V7: responsable del control, propósito, descripción de qué y cómo, periodicidad, procedimiento ante desviaciones y evidencia de ejecución. Se deben validar las soliciyudes y aprobación del cambio, registro de usuario/fecha, comparación antes-después y validación contra la fuente oficial.
A5: 7 | B5: Corrupción | C5: Comunicación Estratégica y Nuevas Tecnologías | D5: Oficina Asesora de Comunicaciones; Secretaría General | E5: Posibilidad de adulterar, eliminar o divulgar información institucional para beneficio propio o de un tercero afectando la gestión pública | F5: Gestionado | G5: Yuly Marcela Barajas Aguilera | H5: Si | I5: Tardío | J5: No | K5: Revisión OAP. Identificación: La conducta de adulterar, eliminar o divulgar información para beneficio particular está identificada, pero reúne eventos distintos. Delimitar el activo y la acción de riesgo por escenario, sus causas en permisos o trazabilidad y el efecto sobre la gestión pública. Valoración: sustentar la probabilidad con datos del proceso y la materialidad/impacto, y documentar la valoración inherente y residual y su vínculo con el objetivo. Control: SIGPARTICIPO: Definir el tratamiento diferenciado para modificación, eliminación y divulgación: accesos por rol, autorización, trazabilidad y revisión de cambios o publicaciones. La primera línea debe dejar registrados los seis atributos de la Guía V7: responsable del control, propósito, descripción de qué y cómo, periodicidad, procedimiento ante desviaciones y evidencia de ejecución. Se debe contar con la Matriz de permisos, autorizaciones, bitácoras de acceso y cambios, y actas de revisión de publicaciones.
A6: 16 | B6: Corrupción | C6: Gestión Financiera | D6: Secretaría General | E6: Posibilidad de apropiar los recursos financieros con el fin de desviarlos para beneficio propio y/o de un tercero | F6: Gestionado | G6: Yuly Marcela Barajas Aguilera | H6: Si | I6: Tardío | J6: No | K6: Revisión OAP. Identificación: La apropiación o desvío de recursos para beneficio propio o de terceros está claramente planteada. Precisar la etapa presupuestal, contable o de pago expuesta, el tipo de operación y las causas que permitirían el uso no autorizado. Valoración: sustentar la probabilidad con datos del proceso y la materialidad/impacto, y documentar la valoración inherente y residual y su vínculo con el objetivo. Control: SIGPARTICIPO : Asegurar segregación entre solicitud, registro, autorización y pago; validar contra soportes y conciliar diferencias de forma periódica. La primera línea debe dejar registrados los seis atributos de la Guía V7: responsable del control, propósito, descripción de qué y cómo, periodicidad, procedimiento ante desviaciones y evidencia de ejecución. Evidencia a revisar: Registros presupuestales, autorizaciones, comprobantes, conciliaciones y trazabilidad de ajustes.
A7: 17 | B7: Corrupción | C7: Gestión de Bienes, Servicios e Infraestructura | D7: Secretaría General | E7: Posibilidad de apropiarse de bienes de consumo para uso particular o de un tercero con el fin de suplir una necesidad. | F7: Gestionado | G7: Yuly Marcela Barajas Aguilera | H7: Si | I7: Tardío | J7: Si | K7: Revisión OAP. Identificación: El uso particular de bienes de consumo está descrito como evento de corrupción. Precisar puntos de exposición en entrega, custodia, devolución e inventario, y su efecto económico y sobre la continuidad del servicio. Valoración: sustentar la probabilidad con datos del proceso y la materialidad/impacto, y documentar la valoración inherente y residual y su vínculo con el objetivo. Control: SIGPARTICIPO: Vincular cada salida a una solicitud aprobada, responsable de custodia y registro de inventario; revisar diferencias mediante conteo físico independiente. La primera línea debe dejar registrados los seis atributos de la Guía V7: responsable del control, propósito, descripción de qué y cómo, periodicidad, procedimiento ante desviaciones y evidencia de ejecución. Evidencia a revisar: Solicitud, comprobante de entrega, inventario actualizado, actas de conteo y conciliación de novedades.
A8: 18 | B8: Corrupción | C8: Gestión Contractual | D8: Secretaría General | E8: Posibilidad de celebrar contratos de prestación de servicios con persona natural sin el cumplimiento de requisitos legales para beneficio propio o de un tercero. | F8: Gestionado | G8: Yuly Marcela Barajas Aguilera | H8: Si | I8: A tiempo | J8: No | K8: Revisión OAP. Identificación: La contratación sin requisitos para beneficio propio o de un tercero está identificada. Precisar requisitos aplicables al perfil, etapa de revisión y causas de la omisión o validación indebida; relacionar el evento con legalidad, mérito y uso de recursos. Valoración: sustentar la probabilidad con datos del proceso y la materialidad/impacto, y documentar la valoración inherente y residual y su vínculo con el objetivo. Control: SIGPARTICIPO: Verificar cada requisito frente a la fuente correspondiente y dejar constancia de la revisión por una persona distinta de quien consolida el expediente. La primera línea debe dejar registrados los seis atributos de la Guía V7: responsable del control, propósito, descripción de qué y cómo, periodicidad, procedimiento ante desviaciones y evidencia de ejecución. Evidencia a revisar: Lista de chequeo, certificaciones verificadas, consulta de fuentes oficiales y aprobación del expediente.
A9: 20 | B9: Corrupción | C9: Gestión Jurídica | D9: Oficina Jurídica | E9: Posibilidad de ejercer una inadecuada defensa jurídica a cambio de dádivas para beneficio propio o de un tercero | F9: Gestionado | G9: Luisa Fernanda Achagua Mulfor | H9: Si | I9: A tiempo | J9: No | K9: Revisión OAP. Identificación: La defensa jurídica a cambio de dádivas está identificada. Delimitar el tipo de actuación o decisión vulnerable, el manejo de conflictos de interés y las consecuencias procesales o patrimoniales para la entidad. Valoración: sustentar la probabilidad con datos del proceso y la materialidad/impacto, y documentar la valoración inherente y residual y su vínculo con el objetivo. Control: SIGPARTICIPO: Documentar asignación de casos, declaración y gestión de impedimentos, revisión técnica independiente y aprobación de actuaciones críticas. La primera línea debe dejar registrados los seis atributos de la Guía V7: responsable del control, propósito, descripción de qué y cómo, periodicidad, procedimiento ante desviaciones y evidencia de ejecución. Evidencia a revisar: Registro de asignación, declaraciones de conflicto, conceptos jurídicos, aprobaciones y trazabilidad de actuaciones.
A10: 21 | B10: Corrupción | C10: Formación en Capacidades Democráticas para la Participación | D10: Gerencia de Escuela de la Participación | E10: Posibilidad de expedir certificados para beneficio propio o de un tercero sin cumplir los requisitos establecidos de conformidad con a los lineamientos de la Escuela de Participación | F10: Gestionado | G10: José Guillermo Orjuela Ardila | H10: Si | I10: A tiempo | J10: No | K10: Revisión OAP. Identificación: La expedición de certificados sin requisitos para beneficio propio o de terceros está identificada. Especificar qué requisitos de asistencia, evaluación o culminación deben acreditarse y cómo podrían omitirse o alterarse. Valoración: sustentar la probabilidad con datos del proceso y la materialidad/impacto, y documentar la valoración inherente y residual y su vínculo con el objetivo. Control: SIGPARTICIPO: Cruzar la solicitud con registros fuente de asistencia y cumplimiento antes de aprobar la emisión, con separación entre quien registra y quien autoriza. La primera línea debe dejar registrados los seis atributos de la Guía V7: responsable del control, propósito, descripción de qué y cómo, periodicidad, procedimiento ante desviaciones y evidencia de ejecución. Se debe validar las listas de asistencia, resultados, validación de requisitos, autorización y registro correlativo de certificados.
A11: 24 | B11: Corrupción | C11: Aprende para la Mejora | D11: Oficina Asesora de Planeación | E11: Posibilidad de manipular la información contenida en el módulo de mejoras del aplicativo SIG PARTICIPO relacionadas con las observaciones que integra el Plan de Mejoramiento Institucional para favorecer a terceros | F11: Gestionado | G11: Sig Participo2 | H11: Si | I11: A tiempo | J11: No | K11: Revisión OAP. Identificación: La manipulación del módulo de mejoras para favorecer a terceros está expresamente señalada. Precisar qué campos o estados podrían modificarse y el efecto en la trazabilidad, cierre o reporte del Plan de Mejoramiento. Valoración: sustentar la probabilidad con datos del proceso y la materialidad/impacto, y documentar la valoración inherente y residual y su vínculo con el objetivo. Control: SIGPARTICIPO: Restringir perfiles de edición, exigir autorización para cambios, conservar historial de versiones y revisar las modificaciones frente a soportes fuente. La primera línea debe dejar registrados los seis atributos de la Guía V7: responsable del control, propósito, descripción de qué y cómo, periodicidad, procedimiento ante desviaciones y evidencia de ejecución. se debe contar con la Bitácora de cambios, aprobación, evidencia previa y posterior, y conciliación con soportes del plan.
A12: 25 | B12: Corrupción | C12: Comunicación Estratégica y Nuevas Tecnologías | D12: Oficina Asesora de Comunicaciones | E12: Posibilidad de modificar la información institucional desviando u omitiendo o distorsionando la misma para beneficio personal o de un tercero con el fin de afectar la opinión pública frente al IDPAC | F12: Gestionado | G12: Andrea Carolina Mayorga Patiño | H12: Si | I12: A tiempo | J12: No | K12: Revisión OAP. Identificación: La alteración u omisión de información para influir en la opinión pública está identificada. Precisar tipos de contenido, fuentes y canales, y qué validaciones editoriales podrían fallar antes de publicar. Valoración: sustentar la probabilidad con datos del proceso y la materialidad/impacto, y documentar la valoración inherente y residual y su vínculo con el objetivo. Control: SIGPARTICIPO: Verificar exactitud y fuente, documentar aprobaciones editoriales, controlar versiones y conservar trazabilidad entre contenido aprobado y publicado. La primera línea debe dejar registrados los seis atributos de la Guía V7: responsable del control, propósito, descripción de qué y cómo, periodicidad, procedimiento ante desviaciones y evidencia de ejecución. Se debe contar con la ista de verificación, aprobación, versión final y registro de publicación/corrección.
A13: 26 | B13: Corrupción | C13: Gestión Documental | D13: Secretaría General | E13: Posibilidad de ocultar o desaparecer información y/o documentación a nombre propio o de un tercero con el fin de desviar la gestión administrativa para beneficio personal o de otros. | F13: Gestionado | G13: Yuly Marcela Barajas Aguilera | H13: Si | I13: A tiempo | J13: No | K13: Revisión OAP. Identificación: La ocultación o desaparición de documentos para desviar la gestión está identificada. Precisar expedientes y momentos de préstamo, consulta, transferencia o custodia que generan la exposición, y el efecto sobre la trazabilidad y oportunidad. Valoración: sustentar la probabilidad con datos del proceso y la materialidad/impacto, y documentar la valoración inherente y residual y su vínculo con el objetivo. Control: SIGPARTICIPO: Registrar entrega, consulta, devolución y ubicación; asignar custodia y verificar periódicamente expedientes prestados o faltantes. La primera línea debe dejar registrados los seis atributos de la Guía V7: responsable del control, propósito, descripción de qué y cómo, periodicidad, procedimiento ante desviaciones y evidencia de ejecución. Se debe sustentar Inventario, formato de préstamo, trazas del sistema de gestión documental, actas de devolución y reportes de faltantes.
... A24: 51 | B24: Corrupción | C24: Gestión del Talento Humano | D24: Secretaría General | E24: Posibilidad de vincular personal sin el cumplimiento de los requisitos establecidos en el manual de funciones con el fin de obtener un beneficio personal o favorecer a un tercero. | F24: Gestionado | G24: Yuly Marcela Barajas Aguilera | H24: Si | I24: A tiempo | J24: No | K24: Revisión OAP. Identificación: La vinculación de personal sin requisitos para beneficio propio o de terceros está identificada. Precisar requisito, etapa de selección y causa que permitiría omitir la verificación; relacionarla con mérito y legalidad. Valoración: sustentar la probabilidad con datos del proceso y la materialidad/impacto, y documentar la valoración inherente y residual y su vínculo con el objetivo. Control: SIGPARTICIPO: Verificar requisitos contra fuentes y documentos válidos, separar revisión de aprobación y documentar excepciones y decisiones. La primera línea debe dejar registrados los seis atributos de la Guía V7: responsable del control, propósito, descripción de qué y cómo, periodicidad, procedimiento ante desviaciones y evidencia de ejecución. Se debe contar con el manual de funciones, hoja de vida, validaciones de títulos/experiencia, lista de chequeo y aprobación.
